Map: Zen LE

Players

LiquidMaNa (MaNa) - Winner!

  • Race: Protoss Protoss
  • League: Grandmaster
  • Spawn Location: 1:00

ShoWTimE

  • Race: Protoss Protoss
  • League: Grandmaster
  • Spawn Location: 7:00

Event: Shopify TSL 5

VOD

Have the link to the VOD?

Description

Time

  • Played on: May 17, 2020, 1:28 p.m.
  • Length: 10:48

All games in this series

Show
View Real Time Build Order
Export as new Build Order

LiquidMaNa Protoss - Winner!

Build Orders: Phoenix Opening, Blink Stalkers, Zealot Archon 

Get SALT Encoding   

  12  0:00  Probe  
  13  0:12  Probe  
  14  0:17  Pylon  
  14  0:25  Probe (Chrono Boost)  
  15  0:37  Probe (Chrono Boost)  
  15  0:38  Gateway  
  16  0:44  Probe (Chrono Boost)  
  16  0:46  Assimilator  
  17  0:51  Probe  
  17  0:54  Assimilator  
  18  1:03  Probe (Chrono Boost)  
  19  1:07  Gateway  
  19  1:12  Probe (Chrono Boost)  
  19  1:17  Probe (Chrono Boost)  
  20  1:25  Cybernetics Core  
  21  1:29  Probe  
  21  1:32  Pylon  
  22  1:41  Probe  
  24  1:59  Warp Gate (Chrono Boost)  
  23  2:01  Stalker  
  23  2:03  Stalker  
  27  2:08  Pylon  
  27  2:10  Probe  
  28  2:28  Probe  
  29  2:37  Nexus  
  29  2:42  Probe  
  29  2:46  Sentry x2  
  33  2:53  Pylon  
  33  2:54  Probe  
  34  3:06  Probe  
  34  3:11  Twilight Council  
  35  3:18  Phoenix  
  35  3:19  Probe  
  36  3:31  Probe  
  36  3:33  Stalker x2  
  41  3:38  Forge  
  41  3:43  Probe  
  42  3:51  Probe  
  44  3:57  Probe (Chrono Boost), Blink  
  44  4:03  Probe (Chrono Boost)  
  44  4:07  Phoenix  
  44  4:09  Protoss Ground Weapons Level 1 (Chrono Boost)  
  46  4:12  Probe x2 (Chrono Boost)  
  47  4:17  Probe (Chrono Boost)  
  47  4:19  Probe  
  47  4:21  Robotics Facility  
  49  4:29  Probe  
  50  4:31  Probe  
  50  4:34  Pylon  
  51  4:41  Probe  
  51  4:43  Probe  
  53  4:45  Gateway  
  53  4:46  Gateway  
  53  4:47  Assimilator  
  53  4:50  Assimilator  
  53  4:53  Probe  
  53  4:55  Probe  
  55  5:00  Phoenix  
  55  5:05  Probe  
  56  5:07  Probe  
  56  5:09  Observer  
  58  5:14  Pylon  
  58  5:15  Stalker x2  
  58  5:17  Probe  
  63  5:23  Pylon x2  
  63  5:24  Pylon  
  63  5:32  Immortal (Chrono Boost)  
  63  5:34  Probe  
  68  5:47  Nexus  
  68  5:51  Charge  
  68  5:59  Templar Archives  
  68  6:08  Immortal (Chrono Boost)  
  68  6:09  Protoss Ground Weapons Level 2 (Chrono Boost), Pylon  
  72  6:20  Gateway  
  72  6:23  Stalker  
  74  6:26  Stalker  
  74  6:30  Stalker  
  78  6:35  Gateway  
  77  6:46  Immortal (Chrono Boost)  
  81  7:02  Probe  
  81  7:05  High Templar x2  
  81  7:06  Zealot x2  
  81  7:07  Probe x2  
  92  7:11  Archon  
  92  7:14  Probe, Gateway  
  93  7:17  Gateway  
  93  7:18  Shield Battery  
  93  7:20  Pylon  
  93  7:21  Warp Prism (Chrono Boost)  
  93  7:28  High Templar x2  
  99  7:32  Archon  
  99  7:34  Zealot x2  
  103  7:41  Probe x2, Shield Battery  
  103  7:43  Probe  
  106  7:49  High Templar  
  106  7:50  High Templar  
  109  7:53  Probe  
  109  7:56  Gateway  
  109  7:58  Archon  
  110  7:59  Gateway, Zealot x2  
  110  8:02  Zealot  
  110  8:05  Zealot  
  118  8:09  Zealot  
  120  8:14  Zealot  
  120  8:16  Pylon  
  120  8:17  Photon Cannon  
  120  8:19  Observer  
  123  8:21  High Templar x2  
  123  8:24  Zealot x2  
  123  8:25  Archon  
  131  8:30  Assimilator  
  131  8:33  Pylon  
  131  8:35  Pylon  
  131  8:51  High Templar x2  
  131  8:52  Zealot x5  
  131  8:53  Zealot  
  131  8:55  Archon  
  139  9:09  Zealot x2  
  115  9:11  Warp Prism  
  115  9:16  Zealot x7  
  121  9:27  High Templar x2, Zealot  
  121  9:31  Archon  
  127  9:43  High Templar  
  127  9:44  Nexus, High Templar, Zealot x3  
  127  9:45  Zealot  
  139  9:48  Archon  
  139  9:51  Zealot x2  
  143  10:09  Zealot x6  
  116  10:25  Zealot x4  
  94  10:38  Zealot x2  
  94  10:39  Zealot x4  
Show
View Real Time Build Order
Export as new Build Order

ShoWTimE Protoss 

Build Orders: Phoenix Opening, Blink Stalkers, Zealot Archon 

Get SALT Encoding   

  12  0:00  Probe  
  13  0:12  Probe  
  14  0:17  Pylon  
  14  0:24  Probe (Chrono Boost)  
  15  0:36  Probe (Chrono Boost)  
  15  0:37  Gateway  
  16  0:44  Probe (Chrono Boost)  
  16  0:46  Assimilator  
  17  0:51  Probe  
  17  0:54  Assimilator  
  18  1:03  Probe (Chrono Boost)  
  19  1:09  Gateway  
  19  1:12  Probe (Chrono Boost)  
  19  1:17  Probe (Chrono Boost)  
  20  1:24  Cybernetics Core  
  21  1:29  Probe  
  22  1:37  Pylon  
  22  1:41  Probe  
  23  1:55  Probe  
  23  1:59  Warp Gate (Chrono Boost)  
  23  2:00  Stalker x2  
  28  2:08  Probe  
  29  2:13  Pylon  
  29  2:32  Sentry x2  
  33  2:46  Nexus  
  33  2:50  Probe  
  34  3:02  Probe  
  34  3:03  Shield Battery  
  34  3:05  Sentry  
  37  3:06  Phoenix  
  37  3:14  Probe  
  37  3:16  Pylon  
  38  3:24  Twilight Council  
  38  3:26  Probe (Chrono Boost)  
  39  3:31  Phoenix  
  39  3:38  Probe (Chrono Boost)  
  39  3:41  Stalker  
  42  3:44  Probe (Chrono Boost)  
  42  3:46  Stalker  
  45  3:52  Blink  
  46  3:55  Probe (Chrono Boost)  
  46  3:58  Probe (Chrono Boost)  
  47  4:08  Probe (Chrono Boost)  
  47  4:09  Probe (Chrono Boost)  
  49  4:11  Pylon  
  49  4:13  Probe (Chrono Boost)  
  50  4:17  Probe  
  50  4:18  Phoenix  
  50  4:22  Forge  
  51  4:24  Probe (Chrono Boost)  
  53  4:34  Probe (Chrono Boost)  
  53  4:36  Probe (Chrono Boost)  
  54  4:40  Gateway  
  54  4:42  Probe (Chrono Boost), Gateway  
  54  4:43  Probe (Chrono Boost)  
  56  4:47  Assimilator  
  56  4:48  Protoss Ground Weapons Level 1 (Chrono Boost)  
  56  4:49  Phoenix  
  56  4:51  Probe  
  57  4:53  Probe  
  57  4:59  Pylon  
  58  5:05  Robotics Facility  
  58  5:15  Phoenix  
  58  5:18  Nexus  
  58  5:31  Stalker  
  58  5:32  Gateway x2, Stalker  
  62  5:43  Stalker x2  
  62  5:48  Pylon  
  66  5:53  Observer, Charge, Probe x2  
  66  5:54  Phoenix  
  69  6:08  Shield Battery  
  69  6:09  Zealot  
  69  6:10  Zealot x2  
  75  6:13  Zealot  
  75  6:17  Templar Archives  
  81  6:18  Immortal  
  81  6:27  Gateway  
  81  6:28  Gateway  
  81  6:38  Zealot x3  
  87  6:43  Phoenix, Zealot x2  
  91  6:50  Probe x2  
  91  6:53  Protoss Ground Weapons Level 2 (Chrono Boost)  
  90  6:57  Zealot  
  90  6:59  Probe  
  91  7:06  Phoenix  
  91  7:10  Probe  
  91  7:11  Probe, Warp Prism  
  91  7:15  Pylon  
  95  7:18  High Templar x2  
  95  7:21  Pylon  
  99  7:24  Archon  
  99  7:28  Probe x2  
  101  7:33  Probe  
  101  7:35  Assimilator  
  102  7:37  Assimilator  
  102  7:38  Pylon  
  102  7:40  Probe x2  
  104  7:45  Probe (Chrono Boost)  
  104  7:46  Pylon  
  105  7:52  Phoenix  
  105  7:53  Probe x2 (Chrono Boost)  
  105  7:56  Assimilator  
  105  7:57  Probe (Chrono Boost)  
  108  7:59  High Templar  
  108  8:00  High Templar  
  108  8:02  Probe x2 (Chrono Boost)  
  108  8:03  Probe (Chrono Boost), Shield Battery  
  108  8:04  Archon  
  115  8:07  Probe x2 (Chrono Boost)  
  115  8:10  Photon Cannon  
  115  8:11  Probe  
  118  8:13  Immortal  
  118  8:14  Pylon  
  118  8:19  Probe, Zealot x2  
  127  8:22  Shield Battery  
  127  8:28  Pylon  
  127  8:30  High Templar x2, Pylon  
  131  8:34  Archon  
  131  8:42  Pylon  
  131  8:46  Robotics Bay  
  131  8:47  Photon Cannon  
  131  8:50  Zealot x4  
  131  8:54  Zealot x2  
  143  9:02  Zealot x2  
  115  9:11  Zealot x4  
  99  9:26  Observer (Chrono Boost)  
  99  9:28  Zealot x4  
  99  9:30  Shield Battery  
  107  9:35  High Templar x4  
  115  9:39  Archon x2  
  115  9:44  Pylon  
  115  9:50  Gateway  
  115  9:53  Nexus, Gateway  
  115  9:55  High Templar x2  
  115  9:56  Zealot x2  
  123  10:00  Archon  
  123  10:01  Shield Battery  
  123  10:09  Zealot x4  
  114  10:19  Zealot x2  
  90  10:29  Zealot x2  
  90  10:34  Zealot x4  
Tags
 
Add a new tag
Caveats
  • Supply blocks, unpowered buildings, or Contaminate may cause inaccurate times.
  • Supply counts are checked every 10 seconds.